 Dungeon Crawl Stone Soup version 0.27-a0-965-gbf8bb431c4 (webtiles) character file.

Game seed: 9623036883725534220

2861 leviel the Skirmisher (level 9, -32/118 HPs)
             Began as a Minotaur Fighter on Apr 12, 2021.
             Was a Plaything of Xom.
             Killed by an exploding Maurice (40 damage)
             ... ignited by their inner flame
             ... on level 9 of the Dungeon.
             The game lasted 00:16:38 (7132 turns).

leviel the Skirmisher (Minotaur Fighter)            Turns: 7132, Time: 00:16:40

Health: -32/118    AC: 24    Str: 27      XL:     9   Next: 47%
Magic:  9/9        EV:  2    Int:  5      God:    Xom [...*..]
Gold:   0          SH:  0    Dex: 14 (15) Spells: 9/9 levels left

rFire    . . .     SeeInvis .   f - +4 scythe (vamp)
rCold    . . .     Faith    .   (shield currently unavailable)
rNeg     + + +     Spirit   .   (armour currently unavailable)
rPois    +         Reflect  .   (helmet currently unavailable)
rElec    .         Harm     .   (cloak currently unavailable)
rCorr    .         Rampage  .   (gloves currently unavailable)
Will     .....     NoTele   +   (boots currently unavailable)
Stlth    +.........             (no amulet)
HPRegen  0.29/turn              l - +6 ring of strength
MPRegen  0.11/turn              n - ring of flight

@: tree-form
A: stationary, stasis, torment immunity, boosted hp, (horns 2), (retaliatory
headbutt), agile 1, deterioration 1, mutation resistance 2, wild magic 2
a: Renounce Religion


You were on level 9 of the Dungeon.
You worshipped Xom.
You were a favourite toy of Xom.
You were a tree.
You visited 1 branch of the dungeon, and saw 9 of its levels.

You collected 81 gold pieces.
You spent 81 gold pieces at shops.

Inventory:

Hand Weapons
 f - a +4 vampiric scythe (weapon)
Armour
 b - a +1 scale mail (melded)
 s - a +2 pair of boots (melded)
Jewellery
 l - a +6 ring of strength (left branch)
 n - a ring of flight (right branch)
 y - a +4 ring of evasion
Wands
 u - a wand of paralysis (11)
 v - a wand of iceblast (9)
Scrolls
 e - 3 scrolls of identify
 k - a scroll of teleportation
 w - a scroll of acquirement {unknown}
 z - a scroll of magic mapping
Potions
 h - a potion of cancellation
 i - 2 potions of lignification
 m - a potion of brilliance {unknown}
 t - a potion of flight


   Skills:
 + Level 7.6 Fighting
 - Level 4.0(5.9) Axes
 * Level 6.6(7.1) Polearms
 + Level 2.8 Throwing
 + Level 7.5 Armour
 + Level 5.7 Dodging
 + Level 7.4 Shields
 - Level 0.7 Spellcasting


You had 9 spell levels left.
You didn't know any spells.
Your spell library contained the following spells:

 Spells                   Type           Power      Damage    Failure   Level
 Sandblast                Erth           0%         2d4       63%         1
 Passwall                 Tmut/Erth      0%         N/A       75%         2
 Poisonous Vapours        Pois/Air       0%         N/A       75%         2
 Confusing Touch          Hex            0%         N/A       92%         3
 Conjure Flame            Conj/Fire      0%         6-21      92%         3
 Gell's Gravitas          Tloc           0%         N/A       92%         3
 Mephitic Cloud           Conj/Pois/Air  0%         N/A       92%         3
 Stone Arrow              Conj/Erth      0%         3d7       92%         3
 Petrify                  Tmut/Erth      0%         N/A       100%        4
 Lee's Rapid Deconstruct  Erth           0%         3d5*      100%        5
 Metabolic Englaciation   Hex/Ice        0%         N/A       100%        5
 Yara's Violent Unravell  Hex/Tmut       0%         3d3       100%        5
 Freezing Cloud           Conj/Ice/Air   0%         6-21      100%        6


Dungeon Overview and Level Annotations

Branches:
Dungeon (9/15)             Temple (0/1) D:5             Orc (0/2) D:9
   Lair: D:8-11

Altars:
Cheibriados
Dithmenos
Nemelex Xobeh
Okawaru
Qazlal
Uskayaw
Vehumet
Xom

Shops:
D:4 *(*   D:8 (


Innate Abilities, Weirdness & Mutations

You are a tree.
Your roots penetrate the ground, keeping you stationary.
You cannot be teleported.
You are immune to unholy pain and torment.
Your maximum health is greatly increased.
Your equipment is partially melded.
((You have a pair of horns on your head.))
((You reflexively headbutt those who attack you in melee.))
You are agile. (Dex +2)
Your body sometimes deteriorates upon taking damage.
You are somewhat resistant to both further mutation and mutation removal.
Your spells are harder to cast, but more powerful.


Message History

Something hits you.
* * * LOW HITPOINT WARNING * * *
Something grunts, "Curses!"
You hear some strange, mumbled words.
The shadow imp hits you but does no damage. x2
Something hits you but does no damage.
The shadow imp hits you but does no damage.
The shadow imp barely misses you. Something blocks your attack.
You hear a zap.
A puff of flame appears from out of thin air!
The puff of flame hits you but does no damage.
You hear some strange, mumbled words.
The shadow imp completely misses you.
The shadow imp hits you but does no damage.
Something hits you but does no damage.
Okay, then.
You slash something!
Flame seeps out of something. x2
You hear a zap.
A puff of flame appears from out of thin air!
The puff of flame hits you.
* * * LOW HITPOINT WARNING * * *
The now-empty wand crumbles to dust.
The shadow imp hits you but does no damage. x2
Flame seeps out of something.
Something hits you but does no damage. The shadow imp hits you.
* * * LOW HITPOINT WARNING * * *
The shadow imp hits you but does no damage.
Really walk into that cloud of flame? [Y]es or [N]o only, please.
Really walk into that cloud of flame?
Okay, then.
Something blocks your attack.
Flame seeps out of something.
Something hits you but does no damage.
Reactivating autopickup.
You feel a bit more experienced.
Maurice explodes!
The fiery explosion engulfs you!!!
You die...
Xom chortles!

,, *,. ,,#.......#....# , ,
,,,+,....#.......#....# * ,
#######,....####)####....# *,,
.>.....
.......))).......###***,
.###### ###.................,
,,, .# #)................,,,,,
.# #................., .#
#......5..........,,,, .# ###
#..(§.♣5.......$..,, ,,
.####>#####...§°§.....?.....,,,
..............§.............,,,
, ............................
,,,
.................######+####,,,
........#####....#, ,,, ,,,
,,,, ###.....#...#....#, ,,,,,
,* , , #..)†.'...#....#, , ,
*,,< , #.....#...#....###### *
* , , *


You could see 2 shadow imps.

Vanquished Creatures
  Pikel (D:8)
  A harpy (D:9)
  Maurice (D:9)
  Sigmund (D:2)
  A wyvern (D:7)
  A hornet zombie (D:6)
  3 orc warriors
  An ice beast (D:2)
  A lemure (D:8)
  2 centaurs
  2 scorpions
  2 centaur zombies
  A jelly (D:6)
  9 orc priests
  A bullfrog skeleton (D:5)
  A centaur skeleton (D:7)
  Terence (D:2)
  7 orc wizards
  3 iguanas
  A hound skeleton (D:4)
  A gnoll (D:1)
  3 adders
  A white imp (D:8)
  An adder skeleton (D:5)
  23 orcs
  9 endoplasms
  3 giant cockroaches
  5 goblins
  3 hobgoblins
  3 jackals (D:2)
  3 quokkas
  5 ball pythons
  3 bats
  3 frilled lizards
  A kobold (D:1)
  5 rats
113 creatures vanquished.

Vanquished Creatures (collateral kills)
  A kobold demonologist (D:8)
  An orc priest (D:9)
  4 orcs
6 creatures vanquished.

Grand Total: 119 creatures vanquished

Notes
Turn   | Place    | Note
-------+----------+-------------------------------------------
     0 | D:1      | leviel the Minotaur Fighter began the quest for the Orb.
     0 | D:1      | Reached XP level 1. HP: 19/19 MP: 0/0
   235 | D:1      | Reached XP level 2. HP: 22/27 MP: 1/1
  1086 | D:1      | Found a faded altar of an unknown god.
  1143 | D:1      | Reached XP level 3. HP: 29/33 MP: 3/3
  1183 | D:1      | Became a worshipper of Xom the Fickle
  1400 | D:2      | XOM: silly message
  1648 | D:2      | Noticed Terence
  1653 | D:2      | Killed Terence
  1670 | D:2      | Noticed an ice beast
  1676 | D:2      | Killed an ice beast
  1677 | D:2      | Reached skill level 1 in Dodging
  1677 | D:2      | Reached XP level 4. HP: 41/41 MP: 4/4
  1677 | D:2      | Reached XP level 5. HP: 47/47 MP: 5/5
  1885 | D:2      | Noticed Sigmund
  1935 | D:2      | Killed Sigmund
  1936 | D:2      | Reached skill level 5 in Fighting
  1936 | D:2      | Reached XP level 6. HP: 28/56 MP: 6/6
  2399 | D:3      | Reached skill level 5 in Armour
  2407 | D:3      | Reached skill level 5 in Shields
  2416 | D:3      | Found a shadowy altar of Dithmenos.
  2505 | D:3      | XOM: 1-stop teleportation journey
  2511 | D:3      | Found an iron altar of Okawaru.
  2524 | D:3      | Reached skill level 1 in Polearms
  2688 | D:3      | Found a stormy altar of Qazlal.
  2688 | D:3      | Found a radiant altar of Vehumet.
  2689 | D:3      | Found a hide-covered altar of Uskayaw.
  2729 | D:3      | XOM: scenery: create altars
  2917 | D:4      | Found Eqajyli's General Store.
  2925 | D:4      | Bought a potion of might for 48 gold pieces
  3057 | D:4      | XOM: give mutation
  3057 | D:4      | Gained mutation: You are robust. (+10% HP) [Xom's grace]
  3244 | D:4      | XOM: god gift: 13 stones
  3470 | D:4      | Found Xuvuvonk's Weapon Shoppe.
  3512 | D:4      | Found Okkot Cet's General Store.
  3516 | D:4      | Bought a potion of curing for 33 gold pieces
  3578 | D:4      | Lost mutation: You are robust. (+10% HP) [potion of
                  | mutation]
  3578 | D:4      | Gained mutation: Your body sometimes deteriorates upon
                  | taking damage. [potion of mutation]
  3578 | D:4      | Gained mutation: Your spells are a little harder to cast,
                  | but a little more powerful. [potion of mutation]
  3739 | D:5      | Entered Level 5 of the Dungeon
  3755 | D:5      | Reached XP level 7. HP: 57/61 MP: 7/7
  3792 | D:5      | Found a staircase to the Ecumenical Temple.
  4260 | D:5      | XOM: fog
  4505 | D:6      | Identified the +2 helmet of Meager Salvation {Rampage rPois
                  | Int-2}
  4635 | D:6      | XOM: fake destruction
  4933 | D:7      | XOM: cloud trail
  4938 | D:7      | XOM: enchant monster (good)
  5204 | D:7      | Reached XP level 8. HP: 47/70 MP: 8/8
  5336 | D:7      | XOM: polymorph sky beast -> wyvern
  5868 | D:8      | Found a snail-covered altar of Cheibriados.
  5890 | D:8      | XOM: enchant monster (good)
  5956 | D:8      | XOM: summons 8 friendly demons
  6106 | D:8      | Reached skill level 1 in Throwing
  6377 | D:8      | XOM: fake destruction
  6507 | D:8      | Noticed Pikel
  6508 | D:8      | XOM: potion effect (haste)
  6519 | D:8      | XOM: give mutations
  6519 | D:8      | Gained mutation: You are somewhat resistant to further
                  | mutation. [Xom's grace]
  6519 | D:8      | Gained mutation: You are agile. (Dex +2) [Xom's grace]
  6520 | D:8      | Killed Pikel
  6521 | D:8      | Reached skill level 5 in Polearms
  6521 | D:8      | Reached skill level 5 in Dodging
  6521 | D:8      | Reached XP level 9. HP: 73/79 MP: 9/9
  6571 | D:8      | XOM: give mutations
  6571 | D:8      | Gained mutation: Your spells are harder to cast, but more
                  | powerful. [Xom's grace]
  6571 | D:8      | Gained mutation: You are somewhat resistant to both further
                  | mutation and mutation removal. [Xom's grace]
  6594 | D:8      | Found a sparkling altar of Nemelex Xobeh.
  6627 | D:8      | Found Biovvet's Antique Weapon Shoppe.
  6696 | D:8      | XOM: summons 5 hostile demons
  6836 | D:9      | Noticed a kobold demonologist
  6843 | D:8      | XOM: scenery: create altars
  6848 | D:8      | Noticed a red devil
  6848 | D:8      | Killed a kobold demonologist
  6859 | D:8      | XOM: divination: detect creatures
  6974 | D:9      | Found a staircase to the Orcish Mines.
  6991 | D:9      | Noticed a harpy
  6991 | D:9      | a wyvern changed into a harpy
  6991 | D:9      | XOM: polymorph wyvern -> harpy
  6992 | D:9      | Killed a harpy
  7078 | D:9      | Noticed Maurice
  7078 | D:9      | XOM: divination: magic mapping
  7089 | D:9      | XOM: smoke on damage
  7115 | D:9      | XOM: summons 5 hostile demons
  7125 | D:9      | HP: 3/118 [something (3)]
  7132 | D:9      | Killed Maurice
  7132 | D:9      | Killed by an exploding Maurice... ignited by their inner
                  | flame

Illustrated notes

Levels and vault maps discovered:
D:1:      lightli_arrival_chessboard, layout_basic,
          chequers_ecumenical_altar_simple_redux, minmay_bisected
D:2:      layout_basic, uniq_sigmund, uniq_terence
D:3:      layout_basic, kennysheep_okawaru_gauntlet, grunt_dithmenos_smoke,
          gammafunk_temple_overflow_forgotten
D:4:      layout_cave_pools, serial_shops, kennysheep_mini_moat, shop, shop,
          kennysheep_generic_room_14
D:5:      layout_basic, minmay_temple_entry_proselytizer
D:6:      layout_rooms
D:7:      layout_rooms
D:8:      layout_loops_ring, marbit_many_paths, cheibriados_altar_1,
          serial_shops, nicolae_shop_statue_plus, uniq_pikel
D:9:      layout_irregular_city, grunt_temple_overflow_order_and_chaos_1,
          orc_0_dummy, kennysheep_nondescript, chequers_serial_rivers_large_a,
          uniq_prince_ribbit1, uniq_maurice, uniq_erica, uniq_harold,
          uniq_gastronok

Skill      XL: |  1  2  3  4  5  6  7  8  9 |
---------------+----------------------------+-----
Armour         | 4 5 6 7 |  7.5
Fighting       | 4 5 6 7 |  7.6
Axes           | 3 4 |  4.0
Shields        | 4 5 6 7 |  7.4
Dodging        | 1 2 3 4 5 |  5.7
Polearms       | 1 3 5 6 |  6.6
Throwing       | 2 |  2.8
Spellcasting   | |  0.7

Action                   |  1- 3 |  4- 6 |  7- 9 || total
-------------------------+-------+-------+-------++-------
Melee: War axe           |    52 |    34 |       ||    86
       Headbutt          |    10 |    12 |    38 ||    60
       Scythe            |       |    64 |   161 ||   225
Throw: Dart              |       |       |     1 ||     1
  Use: Scroll            |     2 |     8 |     7 ||    17
       Potion            |     1 |     2 |     8 ||    11
 Stab: Paralysed         |       |       |     1 ||     1
       Distracted        |       |       |     1 ||     1
Armor: Scale mail        |    23 |    56 |   128 ||   207
       Skin              |       |       |    26 ||    26
Dodge: Dodged            |    16 |    47 |   126 ||   189
Block: Kite shield       |    19 |    22 |       ||    41

Table legend: (Time is in decaauts)
 A = Elapsed time spent in this place.
 B = Non-inter-level travel time spent in this place.
 C = Inter-level travel time spent in this place.
 D = Time resting spent in this place.
 E = Time spent auto-exploring this place.
 F = Levels seen in this place.
 G = Mean time per level.
                   A        B        C        D        E       F      G
               +--------+--------+--------+--------+--------+-----+--------+
         Total |   7335 |   7143 |    192 |    840 |   5274 |   9 |  815.0 |
       Dungeon |   7335 |   7143 |    192 |    840 |   5274 |   9 |  815.0 |
               +--------+--------+--------+--------+--------+-----+--------+

Top non-repeatable levels by time:
     D:1: 1400 daAuts
     D:8: 1042 daAuts
     D:2: 1025 daAuts
     D:4: 996 daAuts
     D:5: 732 daAuts
     D:6: 728 daAuts
     D:7: 718 daAuts
     D:3: 416 daAuts
     D:9: 274 daAuts
